 Dungeon Crawl Stone Soup version 0.30-a0-1075-gcd70e7a56d (webtiles) character file.

Game seed: 13162047091200543713

1173 cforsyth the Summoner (level 8, -15/46 HPs)
             Began as an Octopode Summoner on Apr 15, 2023.
             Demolished by a two-headed ogre
             ... wielding a +0 glaive
              (22 damage)
             ... in a bailey.
             The game lasted 00:08:28 (3404 turns).

cforsyth the Summoner (Octopode Summoner)           Turns: 3404, Time: 00:08:28

Health: -15/46     AC:  1    Str:  8    XL:     8   Next: 41%
Magic:  14/17      EV: 13    Int: 19    God:
Gold:   119        SH:  0    Dex: 12    Spells: 11/20 levels left

rFire   . . .      SeeInvis .    m - +2 sling of Equilibrium {drain, rElec rCorr}
rCold   . . .      Faith    .    (no shield)
rNeg    . . .      Spirit   .    (helmet restricted)
rPois   .          Reflect  .    (no amulet)
rElec   +          Rampage  .    (no ring)
rCorr   +                        (no ring)
Will    .....                    (no ring)
Stlth   +++                      (no ring)
HPRegen 0.27/turn                (no ring)
MPRegen 0.15/turn                (no ring)
                                 (no ring)
                                 (no ring)

@: no status effects
A: almost no armour, amphibious, 8 rings, camouflage 1, gelatinous body 1,
(nimble swimmer 1), tentacles
a: no special abilities


You were in a bailey.
You visited 1 branch of the dungeon, and saw 5 of its levels.
You also visited: Bailey.

You collected 119 gold pieces.

Inventory:

Hand Weapons
 m - the +2 sling of Equilibrium (weapon) {drain, rElec rCorr}
   (You found it on level 4 of the Dungeon)

   rElec:     It insulates you from electricity.
   rCorr:     It protects you from acid and corrosion.
Missiles
 j - 2 throwing nets
Wands
 l - a wand of charming (1)
Scrolls
 e - a scroll of enchant armour {unknown}
 f - a scroll of magic mapping {unknown}
 g - 2 scrolls of identify {unknown}
 h - a scroll of torment {unknown}
 i - a scroll of teleportation {unknown}
 k - 2 scrolls of fog {unknown}
Potions
 b - 4 potions of mutation {unknown}
 c - a potion of brilliance {unknown}
 d - 3 potions of haste {unknown}


   Skills:
 - Level 2.0 Dodging
 - Level 2.6 Stealth
 + Level 6.6 Spellcasting
 + Level 8.0 Summonings


You had 11 spell levels left.
You knew the following spells:

 Your Spells              Type           Power      Damage    Failure   Level
a - Summon Small Mammal   Summ           100%       N/A       1%          1
b - Call Imp              Summ           72%        N/A       1%          2
c - Call Canine Familiar  Summ           36%        N/A       1%          3
d - Summon Guardian Gole  Hex/Summ       21%        N/A       6%          3

Your spell library contained the following spells:

 Spells                   Type           Power      Damage    Failure   Level
 Summon Lightning Spire   Summ/Air       21%        N/A       21%         4
 Portal Projectile        Hex/Tloc       12%        N/A       32%         3
 Stone Arrow              Conj/Erth      12%        3d7       32%         3
 Leda's Liquefaction      Hex/Erth       3%         N/A       71%         4
 Lehudib's Crystal Spear  Conj/Erth      3%         10d2      100%        8
 Animate Armour           Summ/Erth      Unusable   N/A       N/A         4

Dungeon Overview and Level Annotations

Branches:
Dungeon (4/15)             Bailey (1/1)
 Temple: D:4-7

Altars:
Trog

Shops:
D:2 :

Annotations:
D:3 2 transporters


Innate Abilities, Weirdness & Mutations

You cannot wear most types of armour.
You are amphibious.
You can wear up to eight rings at the same time.
Your skin changes colour to match your surroundings (Stealth+).
Your rubbery body absorbs attacks. (AC +1, EV +1)
((You are camouflaged when in or above water. (Stealth+)))
You have tentacles for arms and can constrict up to eight enemies at once.


Message History

The spriggan dies!
The fiery explosion engulfs your wolf!!!
Your wolf dies!
Your wolf's corpse disappears in a puff of smoke!
You hear an angry hiss.
You hear two shouts!
Your Summonings skill increases to level 8!
You enter the shallow water.
A two-headed ogre comes into view.
It is wielding a +0 glaive and a +0 halberd.
Casting: Call Canine Familiar (safe; 1% risk of failure)
Confirm with . or Enter, or press ? or * to list all spells.
A guardian golem appears, shielding your allies.
Unknown command.
A spriggan comes into view. It is wielding a +0 trident.
Casting: Summon Guardian Golem (dangerous; 6% risk of failure)
Confirm with . or Enter, or press ? or * to list all spells.
You don't know that spell.
Aiming: Charm
Press: ? - help, Shift-Dir - straight line, f - two-headed ogre
Aim: a two-headed ogre, wielding a +0 glaive and a +0 halberd (ally target, chance to affect: 31%)
The two-headed ogre easily resists.
The two-headed ogre hits you from afar with a +0 glaive!!
The two-headed ogre hits you from afar with a +0 halberd.
Unknown command.
Aiming: Charm
Press: ? - help, Shift-Dir - straight line, f/p - two-headed ogre
Aim: a two-headed ogre, wielding a +0 glaive and a +0 halberd (ally target, chance to affect: 31%)
The two-headed ogre easily resists.
Unknown command.
Aiming: Charm
Press: ? - help, Shift-Dir - straight line, f/p - two-headed ogre
Aim: a two-headed ogre, wielding a +0 glaive and a +0 halberd (ally target, chance to affect: 31%)
The two-headed ogre easily resists.
The two-headed ogre closely misses you.
The two-headed ogre hits you from afar with a +0 halberd!
* * * LOW HITPOINT WARNING * * *
Aiming: Charm
Press: ? - help, Shift-Dir - straight line, f/p - two-headed ogre
Aim: a two-headed ogre, wielding a +0 glaive and a +0 halberd (ally target, chance to affect: 31%)
The two-headed ogre easily resists.
The two-headed ogre hits you from afar with a +0 glaive!!
You die...

#######
###.....###
##.........##
##...........##
#....∩..@∩....#
##....O).....##
##...9)....##
###~~i~~###
#~)~~~#
##~~~~~##
#.......##
#.........##
#..#####♣♣..##


You could see a two-headed ogre (ally target), a spriggan and a friendly
guardian golem (summoned).

Vanquished Creatures
  A worm (D:2)
  2 dart slugs (D:3)
  An orc (D:3)
  A ball python (D:1)
  2 endoplasms
  2 giant cockroaches (D:2)
  5 goblins
  3 hobgoblins
  2 quokkas
  3 bats
  2 frilled lizards (D:1)
  4 rats
28 creatures vanquished.

Vanquished Creatures (collateral kills)
  7 ogres
  Natasha (D:2)
  An orc wizard (D:3)
  A gnoll (D:1)
  4 adders
  An adder zombie (D:4)
  5 worms
  2 dart slugs
  6 orcs (D:3)
  2 ball pythons (D:1)
  2 bats
  8 endoplasms
  A goblin (D:4)
  A hobgoblin (D:2)
  3 jackals (D:3)
  A quokka (D:3)
  2 frilled lizards
  A kobold (D:1)
  4 rats
53 creatures vanquished.

Vanquished Creatures (others)
  A spriggan (Bailey)
  3 ogres
  A withered plant (D:4)
5 creatures vanquished.

Grand Total: 86 creatures vanquished

Notes
Turn   | Place    | Note
-------+----------+-------------------------------------------
     0 | D:1      | cforsyth the Octopode Summoner began the quest for the Orb.
     0 | D:1      | Reached XP level 1. HP: 11/11 MP: 3/3
   225 | D:1      | Reached XP level 2. HP: 8/17 MP: 1/5
   744 | D:1      | Reached XP level 3. HP: 10/21 MP: 4/7
   747 | D:1      | Learned a level 2 spell: Call Imp
   751 | D:1      | Learned a level 3 spell: Call Canine Familiar
  1348 | D:2      | Noticed Natasha
  1358 | D:2      | Reached XP level 4. HP: 15/27 MP: 0/8
  1366 | D:2      | Killed Natasha
  1367 | D:2      | Reached skill level 5 in Summonings
  1519 | D:2      | Found Mizaloam's Vocational Training.
  1707 | D:3      | Reached XP level 5. HP: 19/31 MP: 8/10
  1965 | D:3      | Noticed an ogre
  1975 | D:3      | Learned a level 3 spell: Summon Guardian Golem
  1987 | D:3      | Killed an ogre
  2141 | D:3      | Found a transporter.
  2152 | D:3      | Reached XP level 6. HP: 36/36 MP: 4/12
  2239 | D:3      | Found a transporter.
  2895 | D:4      | Noticed a moth of wrath
  2970 | D:4      | Found a bloodstained altar of Trog.
  2979 | D:4      | Identified the +2 sling of Equilibrium {drain, rElec rCorr}
  3111 | D:4      | Reached skill level 6 in Summonings
  3202 | D:4      | You fall into a shaft and drop 3 floors!
  3202 | D:7      | Found a flagged portal.
  3205 | Bailey   | Entered a bailey
  3287 | Bailey   | Reached skill level 5 in Spellcasting
  3287 | Bailey   | Reached XP level 7. HP: 41/41 MP: 6/14
  3295 | Bailey   | Reached skill level 7 in Summonings
  3300 | Bailey   | Reached XP level 8. HP: 39/46 MP: 13/17
  3337 | Bailey   | Noticed a spriggan
  3340 | Bailey   | Killed a spriggan
  3341 | Bailey   | Reached skill level 8 in Summonings
  3394 | Bailey   | Noticed a two-headed ogre
  3400 | Bailey   | Noticed a spriggan
  3404 | Bailey   | Demolished by a two-headed ogre

Illustrated notes

Levels and vault maps discovered:
D:1:      onia_arrival_mini_maze, layout_loops_cross
D:2:      layout_basic, nicolae_shop_vocational, uniq_natasha
D:3:      gammafunk_steamed_eel, layout_basic
D:4:      layout_basic, old_standard_altar, tgw_trog, temple_fountains,
          serial_undead, serial_undead_d, serial_undead_f, serial_undead_f,
          serial_undead_f, serial_undead_c, serial_undead_c, serial_undead_e
D:7:      minmay_octagon_keep, layout_basic, gammafunk_ghost_nasty_kobolds,
          enter_bailey_2, kennysheep_decorative_pillar, uniq_crazy_yiuf_cottage,
          uniq_pikel
Bailey:   bailey_polearm_enchanted_keep_hellmonk, bailey

Skill      XL: |  1  2  3  4  5  6  7  8 |
---------------+-------------------------+-----
Spellcasting   | 3 4 5 6 |  6.6
Summonings     | 5 6 7 8 |  8.0
Dodging        | |  2.0
Stealth        | |  2.6

Action                     |  1- 3 |  4- 6 |  7- 9 || total
---------------------------+-------+-------+-------++-------
  Melee: Unarmed           |    66 |    29 |       ||    95
         Tentacles         |    14 |    12 |       ||    26
         Constrict         |    12 |     8 |       ||    20
   Fire: Sling             |       |    10 |       ||    10
   Cast: Summon Small Mamm |    25 |    15 |       ||    40
         Call Imp          |     4 |    13 |       ||    17
         Call Canine Famil |     3 |    14 |     3 ||    20
         Summon Guardian G |       |     3 |     4 ||     7
  Evoke: Wand              |       |     1 |     4 ||     5
    Use: Potion            |       |       |     1 ||     1
   Stab: Sleeping          |     6 |     1 |       ||     7
 Armour: Skin              |     7 |     5 |       ||    12
  Dodge: Dodged            |    46 |    28 |     8 ||    82

Table legend: (Time is in decaauts)
 A = Elapsed time spent in this place.
 B = Non-inter-level travel time spent in this place.
 C = Inter-level travel time spent in this place.
 D = Time resting spent in this place.
 E = Time spent auto-exploring this place.
 F = Levels seen in this place.
 G = Mean time per level.
                   A        B        C        D        E       F      G
               +--------+--------+--------+--------+--------+-----+--------+
         Total |   3406 |   3358 |     48 |     23 |   2593 |   6 |  567.7 |
       Dungeon |   3207 |   3159 |     48 |     23 |   2494 |   5 |  641.4 |
        Bailey |    199 |    199 |      0 |      0 |     99 |   1 |  199.0 |
               +--------+--------+--------+--------+--------+-----+--------+

Top non-repeatable levels by time:
     D:3: 1169 daAuts
     D:1: 1062 daAuts
     D:2: 612 daAuts
     D:4: 359 daAuts
  Bailey: 199 daAuts
     D:7: 2 daAuts
